[Event "FIDE World Rapid Chess Championship 2021"]
[White "Tari, Aryan"]
[Black "Kolosowski, Mateusz"]
[WhiteFideId "1510045"]
[BlackFideId "1129708"]
[WhiteElo "2542"]
[BlackElo "2371"]
[Result "1-0"]
[Round "04"]
[TimeControl "900+10"]
[Date "2021.12.26"]
[WhiteClock "0:04:14"]
[BlackClock "0:00:41"]

1. e4 e5 2. Nf3 Nc6 3. Bb5 Nge7 4. Nc3 Ng6 5. d4 exd4 6. Nxd4 Nxd4 7. Qxd4 c6 8. Bc4 Qb6 9. Qd1 Be7 10. O-O O-O 11. Bb3 d6 12. Be3 Qc7 13. f4 Bf6 14. Kh1 Qe7 15. Qf3 Be6 16. Rae1 Bxc3 17. bxc3 Bxb3 18. axb3 f5 19. exf5 Rxf5 20. g4 Rf7 21. Bd4 Qd7 22. f5 c5 23. Be3 Ne5 24. Qg2 Raf8 25. Bf4 h5 26. h3 hxg4 27. hxg4 g6 28. Bxe5 dxe5 29. Rxe5 Rh7+ 30. Kg1 gxf5 31. Rexf5 Rxf5 32. Rxf5 Qd1+ 33. Rf1 Qd6 34. Re1 Rh4 35. Qf3 Qh2+ 36. Kf1 Qh1+ 37. Qxh1 Rxh1+ 38. Ke2 Rh3 39. Kd2 Kf7 40. Ra1 a6 41. Ra5 c4 42. b4 Rh2+ 43. Kc1 Ke6 44. Rc5 b5 45. Rc6+ Kd5 46. Rxa6 Rg2 47. Rb6 Rxg4 48. Rxb5+ Kd6 49. Rc5 Rh4 50. Kb2 Rg4 51. Ka3 1-0


[Site "http://www.Chess.com"]

[Event "FIDE World Rapid Chess Championship 2021"]
[White "Donchenko, Alexander"]
[Black "Wieczorek, Oskar"]
[WhiteFideId "24603295"]
[BlackFideId "1133950"]
[WhiteElo "2535"]
[BlackElo "2367"]
[Result "0-1"]
[Round "04"]
[TimeControl "900+10"]
[Date "2021.12.26"]
[WhiteClock "0:12:19"]
[BlackClock "0:03:51"]

1. c4 g6 2. g3 Bg7 3. Bg2 e5 4. Nc3 f5 5. d3 Nf6 6. e4 d6 7. Nge2 Nc6 8. O-O O-O 9. Nd5 f4 10. gxf4 Nh5 11. fxe5 dxe5 12. Be3 Nd4 13. Ng3 c6 14. Nxh5 gxh5 15. Nc3 Qh4 16. f3 Bd7 17. Qd2 0-1


[Site "http://www.Chess.com"]

[Event "FIDE World Rapid Chess Championship 2021"]
[White "Klekowski, Maciej"]
[Black "Sargsyan, Shant"]
[WhiteFideId "1132717"]
[BlackFideId "13306766"]
[WhiteElo "2528"]
[BlackElo "2344"]
[Result "0-1"]
[Round "04"]
[TimeControl "900+10"]
[Date "2021.12.26"]
[WhiteClock "0:00:01"]
[BlackClock "0:00:00"]

1. c4 Nf6 2. Nc3 e5 3. g3 Bb4 4. Bg2 O-O 5. e4 Bxc3 6. dxc3 d6 7. h3 a6 8. a4 Be6 9. b3 Nbd7 10. Be3 b5 11. cxb5 axb5 12. a5 Nc5 13. Bxc5 dxc5 14. Qc2 c6 15. Nf3 Rxa5 16. Rxa5 Qxa5 17. Nxe5 Qa1+ 18. Ke2 Qa3 19. Rb1 c4 20. b4 Re8 21. f4 Nh5 22. Bf3 Nf6 23. g4 c5 24. Qb2 cxb4 25. Qxb4 Qa2+ 26. Rb2 Qa1 27. Qxb5 h6 28. Rb1 Qxc3 29. Qb2 Qa5 30. Qb4 Qa8 31. Qb7 Qa4 32. Kf2 c3 33. Kg3 Qd4 34. Rf1 c2 35. Qb5 Rc8 36. f5 Bd5 37. Nd3 Nxe4+ 38. Bxe4 Qxe4 39. Re1 Qxe1+ 0-1


[Site "http://www.Chess.com"]

[Event "FIDE World Rapid Chess Championship 2021"]
[White "Yuffa, Daniil"]
[Black "Lopusiewicz, Piotr"]
[WhiteFideId "24131423"]
[BlackFideId "1116029"]
[WhiteElo "2514"]
[BlackElo "2197"]
[Result "1-0"]
[Round "04"]
[TimeControl "900+10"]
[Date "2021.12.26"]
[WhiteClock "0:04:24"]
[BlackClock "0:00:25"]

1. d4 Nf6 2. c4 e6 3. g3 d5 4. Bg2 Bb4+ 5. Bd2 Be7 6. Nf3 O-O 7. O-O c6 8. Bc3 dxc4 9. a4 b5 10. axb5 cxb5 11. Ne5 Nd5 12. Ba5 Qe8 13. b3 cxb3 14. Qxb3 Nc6 15. Nxc6 Qxc6 16. Nc3 Rb8 17. Nxd5 exd5 18. Rfc1 Qd7 19. Rc7 Qd6 20. Bxd5 Be6 21. Bxe6 fxe6 22. e3 b4 23. Rxa7 Rfc8 24. e4 Rc3 25. Qd1 Bf8 26. Qh5 Qxd4 27. Qf7+ Kh8 28. Rb7 Rbc8 29. Qxe6 R3c6 30. Qa2 Rc2 31. Bb6 Rxa2 32. Bxd4 Rxa1+ 33. Bxa1 Rc1+ 34. Kg2 Rxa1 35. e5 Kg8 36. f4 g6 37. g4 Re1 38. Kf2 Re4 39. Kf3 Re1 40. Kf2 Rd1 41. Kf3 Bc5 42. f5 gxf5 43. gxf5 Rd3+ 44. Kg4 b3 45. Kg5 Bf8 46. f6 Rd2 47. e6 b2 48. Rb8 Rg2+ 49. Kf5 Rf2+ 50. Ke5 Re2+ 51. Kd5 Rd2+ 52. Kc4 Re2 53. e7 Kf7 54. exf8=Q+ 1-0


[Site "http://www.Chess.com"]

[Event "FIDE World Rapid Chess Championship 2021"]
[White "Czarnota, Pawel"]
[Black "Babazada, Khazar"]
[WhiteFideId "1121219"]
[BlackFideId "13413554"]
[WhiteElo "2511"]
[BlackElo "2170"]
[Result "0-1"]
[Round "04"]
[TimeControl "900+10"]
[Date "2021.12.26"]
[WhiteClock "0:00:07"]
[BlackClock "0:02:19"]

1. e4 Nf6 2. e5 Nd5 3. d4 d6 4. c4 Nb6 5. exd6 cxd6 6. Nc3 g6 7. Bg5 Bg7 8. Rc1 h6 9. Be3 O-O 10. Be2 d5 11. c5 Nc4 12. Bxc4 dxc4 13. Nge2 Bf5 14. O-O Nc6 15. b3 Bd3 16. bxc4 Bxc4 17. Qa4 Bxe2 18. Nxe2 Qd7 19. Rfd1 e6 20. Rb1 Rfd8 21. Qb5 Rab8 22. h3 a6 23. Qb3 g5 24. Nc3 Nxd4 25. Qc4 e5 26. Rb6 Rbc8 27. Rdb1 Rc7 28. Ne4 Qf5 29. f3 Rdd7 30. Bxd4 exd4 31. Qd3 Qe5 32. Kh1 f5 33. Nd6 Rxc5 34. Nxb7 Rc3 35. Qxa6 d3 36. Re6 d2 37. Rxe5 Rc1+ 38. Kh2 Bxe5+ 39. f4 d1=Q 40. Qe6+ Rf7 41. Qe8+ Rf8 42. Qe6+ Kh7 43. Qxe5 Rxb1 44. Qe7+ Kg8 45. Qe6+ Kg7 46. Qe7+ Rf7 47. Qe5+ Kh7 0-1


[Site "http://www.Chess.com"]

[Event "FIDE World Rapid Chess Championship 2021"]
[White "Mitrabha, Guha"]
[Black "Sanal, Vahap"]
[WhiteFideId "5057000"]
[BlackFideId "6300545"]
[WhiteElo "2107"]
[BlackElo "2509"]
[Result "1-0"]
[Round "04"]
[TimeControl "900+10"]
[Date "2021.12.26"]
[WhiteClock "0:04:15"]
[BlackClock "0:00:20"]

1. d4 d5 2. c4 c6 3. Nf3 Nf6 4. g3 e6 5. Bg2 Nbd7 6. O-O dxc4 7. a4 a5 8. Nbd2 b5 9. Ne5 Nxe5 10. dxe5 Nd5 11. Ne4 Bb7 12. Nd6+ Bxd6 13. exd6 Qb6 14. e4 Nf6 15. Be3 c5 16. axb5 Qxb5 17. Qc2 Qb3 18. Qxb3 cxb3 19. f3 Nd7 20. Rfc1 O-O 21. Bxc5 Rfc8 22. Bd4 Rc6 23. Rxc6 Bxc6 24. Rc1 Bb5 25. Rc7 e5 26. Bc3 a4 27. Bh3 Rd8 28. Kf2 h5 29. Bb4 Nf8 30. Rc5 Bd7 31. Bf1 Rb8 32. Ba3 f6 33. f4 Rc8 34. Bc4+ Kh7 35. Rc7 Ne6 36. Rxc8 Bxc8 37. Bb5 exf4 38. gxf4 Nxf4 39. d7 Bxd7 40. Bxd7 Nd3+ 41. Ke2 1-0


[Site "http://www.Chess.com"]

[Event "FIDE World Rapid Chess Championship 2021"]
[White "Aditya, Mittal"]
[Black "Gajewski, Grzegorz"]
[WhiteFideId "35042025"]
[BlackFideId "1116207"]
[WhiteElo "1488"]
[BlackElo "2496"]
[Result "1/2-1/2"]
[Round "04"]
[TimeControl "900+10"]
[Date "2021.12.26"]
[WhiteClock "0:09:15"]
[BlackClock "0:12:51"]

1. d4 Nf6 2. c4 e6 3. Nf3 d5 4. Nc3 Bb4 5. Bg5 h6 6. Bxf6 Qxf6 7. e3 O-O 8. Rc1 dxc4 9. Bxc4 c5 10. O-O cxd4 11. Ne4 Qe7 12. Nxd4 Bd7 13. Bd3 Nc6 14. Nb3 Na5 15. Rc7 Rfd8 16. Nxa5 Bxa5 17. Rxb7 Qf8 18. Qh5 Bb6 19. Ng5 Be8 20. Bh7+ Kh8 21. Be4 Kg8 22. Bh7+ Kh8 23. Be4 Kg8 24. Bh7+ 1/2-1/2


[Site "http://www.Chess.com"]

[Event "FIDE World Rapid Chess Championship 2021"]
[White "Sankalp, Gupta"]
[Black "Heimann, Andreas"]
[WhiteFideId "5097010"]
[BlackFideId "24624632"]
[WhiteElo "2266"]
[BlackElo "2616"]
[Result "0-1"]
[Round "04"]
[TimeControl "900+10"]
[Date "2021.12.26"]
[WhiteClock "0:00:13"]
[BlackClock "0:00:17"]

1. e4 e5 2. Nf3 Nc6 3. Bb5 a6 4. Ba4 Nf6 5. O-O Bc5 6. c3 b5 7. Bc2 d5 8. exd5 Qxd5 9. d3 Bf5 10. Be3 O-O 11. Qe2 Bxe3 12. fxe3 e4 13. dxe4 Bxe4 14. Bb3 Qd3 15. Qxd3 Bxd3 16. Re1 Rfe8 17. Na3 Rad8 18. Rad1 Ng4 19. Bc2 Bxc2 20. Nxc2 Rxd1 21. Rxd1 Kf8 22. Rd7 Re7 23. Rxe7 Kxe7 24. Nfd4 Nge5 25. Nxc6+ Nxc6 26. Kf2 Ne5 27. Ke2 c5 28. e4 Kd6 29. b3 Ng4 30. h3 Ne5 31. Ne3 g6 32. Nd5 h5 33. Ke3 a5 34. Nb6 Kc7 35. Nd5+ Kc6 36. Ne7+ Kd6 37. Nd5 h4 38. Nf4 g5 39. Ne2 f6 40. Nc1 c4 41. bxc4 Nxc4+ 42. Kd4 Ne5 43. Nb3 a4 44. Nc1 Nc6+ 45. Kd3 Kc5 46. Kc2 Ne5 47. Ne2 Kc4 48. Ng1 b4 49. cxb4 Kxb4 50. Ne2 Ng6 51. Nc3 Nf4 52. Kd2 Ka3 53. Nd5 Kxa2 54. Kc2 Nh5 55. Nc3+ Ka3 56. Nd5 Nf4 57. Nxf6 Kb4 58. e5 Kc4 59. Ne4 Ne6 60. g3 g4 61. gxh4 gxh3 62. h5 h2 63. Nf2 Nd4+ 64. Kb2 Nf5 65. Ka3 Kd5 66. Kxa4 Nh6 67. Kb3 Kxe5 68. Kc3 Kf4 69. Kd2 Kf3 70. Ke1 Nf5 71. h6 Nxh6 72. Nh1 Nf5 0-1


[Site "http://www.Chess.com"]

[Event "FIDE World Rapid Chess Championship 2021"]
[White "Timofeev, Artyom"]
[Black "Blohberger, Felix"]
[WhiteFideId "4140419"]
[BlackFideId "1632051"]
[WhiteElo "2591"]
[BlackElo "2409"]
[Result "1-0"]
[Round "04"]
[TimeControl "900+10"]
[Date "2021.12.26"]
[WhiteClock "0:02:06"]
[BlackClock "0:00:23"]

1. c4 Nf6 2. Nc3 g6 3. g3 Bg7 4. Bg2 O-O 5. d3 c5 6. Nh3 Nc6 7. Nf4 d6 8. O-O Qd7 9. Qa4 Rb8 10. Nfd5 a6 11. Nb6 Qc7 12. Nxc8 Rfxc8 13. Bg5 b5 14. Qc2 e6 15. Qd2 Qd7 16. Rac1 Ne7 17. Rfd1 Nf5 18. Ne4 Ne8 19. g4 Nd4 20. b3 Kh8 21. e3 Nc6 22. Bh4 f5 23. gxf5 gxf5 24. Ng3 Nf6 25. Qe2 Ne5 26. Nh5 Nxh5 27. Qxh5 Ng6 28. Bg5 a5 29. h4 a4 30. Qe2 h6 31. Qh5 Kh7 32. bxa4 bxa4 33. d4 cxd4 34. exd4 Rb2 35. a3 Rb3 36. c5 Rxa3 37. c6 Qf7 38. d5 e5 39. Bd2 Rb3 40. Rb1 e4 41. Rxb3 axb3 42. Bh3 Rf8 43. Bb4 Nf4 44. Qxf7 Nxh3+ 45. Kh2 Rxf7 46. Kxh3 Be5 47. Rb1 b2 48. Ba3 f4 49. Bxb2 Bxb2 50. Rxb2 Kg6 51. Rb7 e3 52. fxe3 fxe3 53. Rxf7 1-0


[Site "http://www.Chess.com"]

[Event "FIDE World Rapid Chess Championship 2021"]
[White "Dvirnyy, Danyyil"]
[Black "Thybo, Jesper Sondergaard"]
[WhiteFideId "817570"]
[BlackFideId "1438832"]
[WhiteElo "2550"]
[BlackElo "2401"]
[Result "1/2-1/2"]
[Round "04"]
[TimeControl "900+10"]
[Date "2021.12.26"]
[WhiteClock "0:01:41"]
[BlackClock "0:03:26"]

1. e4 e5 2. Nf3 Nc6 3. Bb5 Nf6 4. d3 Bc5 5. c3 O-O 6. Bg5 h6 7. Bh4 Be7 8. Bg3 d6 9. O-O a6 10. Ba4 Nh5 11. Bxc6 bxc6 12. Nxe5 dxe5 13. Qxh5 Qxd3 14. Qxe5 Be6 15. Qxc7 Rfe8 16. Qxc6 Qe2 17. Na3 Qxb2 18. Nc4 Qb5 19. Qxb5 axb5 20. Nd6 Bxd6 21. Bxd6 Rxa2 22. Rxa2 Bxa2 23. f3 Ra8 24. h4 Bc4 25. Rd1 h5 26. Bc5 Ra2 27. Bd4 Kh7 28. Be5 Rc2 29. Ra1 Ra2 30. Rd1 Rc2 31. Rd7 Kg8 32. Rd8+ Kh7 33. Rd7 Kg8 34. Rd8+ Kh7 35. Rd7 1/2-1/2


[Site "http://www.Chess.com"]

[Event "FIDE World Rapid Chess Championship 2021"]
[White "Vokhidov, Shamsiddin"]
[Black "Nasuta, Grzegorz"]
[WhiteFideId "14204223"]
[BlackFideId "1141686"]
[WhiteElo "2546"]
[BlackElo "2345"]
[Result "1-0"]
[Round "04"]
[TimeControl "900+10"]
[Date "2021.12.26"]
[WhiteClock "0:12:41"]
[BlackClock "0:03:43"]

1. e4 e5 2. Nf3 Nc6 3. Bb5 a6 4. Ba4 Nf6 5. O-O Be7 6. d3 b5 7. Bb3 d6 8. a3 O-O 9. Nc3 Na5 10. Ba2 Be6 11. b4 Bxa2 12. Nxa2 Nc6 13. c4 Qd7 14. Nc3 Nd4 15. Be3 Nxf3+ 16. Qxf3 c6 17. a4 d5 18. exd5 cxd5 19. Nxd5 Nxd5 20. Qxd5 Qxd5 21. cxd5 Rad8 22. axb5 axb5 23. Ra7 Rfe8 24. Rc1 Bxb4 25. Rb1 Re7 26. Rxb4 Rxa7 27. Bxa7 Rxd5 28. d4 f6 29. Kf1 Kf7 30. Ke2 exd4 31. Bxd4 Ke6 32. Kd3 Rf5 33. Rb1 Rh5 34. h3 Rg5 35. g3 Rd5 36. Ra1 Rd7 37. Ra7 Rxa7 38. Bxa7 Kd5 39. Bd4 h5 40. h4 Ke6 41. Ke4 b4 42. Bb2 b3 43. f3 g5 44. f4 1-0


[Site "http://www.Chess.com"]

[Event "FIDE World Rapid Chess Championship 2021"]
[White "Gagunashvili, Merab"]
[Black "Kanarek, Marcel"]
[WhiteFideId "13601652"]
[BlackFideId "1126822"]
[WhiteElo "2538"]
[BlackElo "2296"]
[Result "0-1"]
[Round "04"]
[TimeControl "900+10"]
[Date "2021.12.26"]
[WhiteClock "0:02:40"]
[BlackClock "0:00:00"]

1. d4 Nf6 2. c4 g6 3. Nf3 Bg7 4. g3 c6 5. Bg2 d5 6. Qb3 O-O 7. O-O Qb6 8. Nc3 Bf5 9. c5 Qxb3 10. axb3 Nbd7 11. b4 a6 12. h3 h6 13. g4 Be6 14. Bf4 Ne4 15. e3 g5 16. Bh2 f5 17. Nxe4 fxe4 18. Nd2 Bf7 19. Nb3 e5 20. Rfd1 Bg6 21. Na5 Ra7 22. Rd2 Rf7 23. Nb3 Ra8 24. Na5 exd4 25. exd4 Nf8 26. Nb3 Re8 27. Re1 Ne6 28. Re3 Nf4 29. Bf1 Rfe7 30. Bg3 Bf6 31. f3 exf3 32. Rxf3 Re3 33. Kf2 Re1 34. Na5 Rb1 35. Nxb7 Ree1 36. Bxa6 Be4 37. Rxf4 gxf4 38. Bxf4 Rg1 39. Ke3 Rbe1+ 40. Re2 Rd1 41. Rd2 Rxd2 42. Kxd2 Bxd4 43. Be2 Bxb2 44. Bd6 d4 45. Bc4+ Kh7 46. Ke2 Rg2+ 47. Kf1 Rc2 48. Na5 Rxc4 49. Nxc4 Bd3+ 50. Kf2 Bxc4 51. Be5 d3 52. Bf4 Bc3 53. b5 Bxb5 0-1


[Site "http://www.Chess.com"]

[Event "FIDE World Rapid Chess Championship 2021"]
[White "Durarbayli, Vasif"]
[Black "Lubczynski, Rafal"]
[WhiteFideId "13402935"]
[BlackFideId "1126091"]
[WhiteElo "2532"]
[BlackElo "2289"]
[Result "1-0"]
[Round "04"]
[TimeControl "900+10"]
[Date "2021.12.26"]
[WhiteClock "0:10:47"]
[BlackClock "0:00:30"]

1. e4 d6 2. d4 Nf6 3. Nc3 e5 4. Nf3 Nbd7 5. g3 c6 6. Bg2 g6 7. O-O Bg7 8. dxe5 dxe5 9. Qd6 Qe7 10. Qxe7+ Kxe7 11. b3 h6 12. Ba3+ Kd8 13. Rad1 Ne8 14. Rd2 Kc7 15. Rfd1 Nf8 16. Be7 Ne6 17. a4 f6 18. Nh4 Nd4 19. Nxg6 Rg8 20. Ne2 f5 21. Nxd4 exd4 22. e5 Kd7 23. Rxd4+ Ke6 24. Ba3 Bxe5 25. Nxe5 Kxe5 26. Rd8 Nf6 27. Re1+ 1-0


[Site "http://www.Chess.com"]

[Event "FIDE World Rapid Chess Championship 2021"]
[White "Sadzikowski, Daniel"]
[Black "Moroni, Luca Jr"]
[WhiteFideId "1132253"]
[BlackFideId "865834"]
[WhiteElo "2414"]
[BlackElo "2519"]
[Result "1/2-1/2"]
[Round "04"]
[TimeControl "900+10"]
[Date "2021.12.26"]
[WhiteClock "0:00:33"]
[BlackClock "0:00:26"]

1. Nf3 g6 2. e4 Bg7 3. d4 d6 4. Be2 Nf6 5. Nc3 O-O 6. O-O a6 7. Re1 b5 8. e5 Nfd7 9. e6 fxe6 10. Ng5 Nf6 11. Bf3 c6 12. Nxe6 Bxe6 13. Rxe6 Ra7 14. Bg5 Rf7 15. Qd2 Rc7 16. Rae1 Nbd7 17. Ne4 Nxe4 18. R6xe4 Nf6 19. Re6 c5 20. dxc5 Rxc5 21. c3 Rc7 22. Bd1 Kh8 23. Bb3 Rf8 24. Qe2 Rc5 25. Be3 Rf5 26. Bd4 Ng8 27. Bxg7+ Kxg7 28. f3 Qb6+ 29. Qf2 Qxf2+ 30. Kxf2 Rc5 31. a3 a5 32. R1e4 Rb8 33. h4 Rf8 34. Ke2 Rc7 35. g3 Rf6 36. f4 Rxe6 37. Rxe6 Nf6 38. Kf3 Kf8 39. g4 Nd7 40. Re2 e5 41. Rd2 Ke7 42. fxe5 Nxe5+ 43. Kg3 Rc8 44. Rf2 Rf8 45. Rxf8 Kxf8 46. a4 bxa4 47. Bxa4 Nd3 48. b3 Nc5 49. Kf4 Kf7 50. Ke3 Kf6 51. Kd4 g5 52. hxg5+ Kxg5 53. Kd5 Kxg4 54. Kxd6 Ne4+ 55. Kc7 Nxc3 56. Bd7+ Kf4 57. Kb6 Ke5 58. Kxa5 h5 1/2-1/2


[Site "http://www.Chess.com"]

[Event "FIDE World Rapid Chess Championship 2021"]
[White "Sychev, Klementy"]
[Black "Toczek, Grzegorz"]
[WhiteFideId "4114060"]
[BlackFideId "1106457"]
[WhiteElo "2461"]
[BlackElo "2220"]
[Result "1-0"]
[Round "04"]
[TimeControl "900+10"]
[Date "2021.12.26"]
[WhiteClock "0:06:40"]
[BlackClock "0:03:35"]

1. e4 c5 2. Nf3 d6 3. d4 cxd4 4. Nxd4 Nf6 5. Nc3 Nc6 6. Bg5 g6 7. Bxf6 exf6 8. Bb5 Bd7 9. Nde2 Be7 10. Qd2 O-O 11. O-O-O Be6 12. h4 f5 13. exf5 Bxf5 14. Bd3 Bxd3 15. Qxd3 Qa5 16. a3 Ne5 17. Qe4 Qc5 18. f4 Nc6 19. h5 Bf6 20. hxg6 hxg6 21. Qf3 Rfe8 22. Ne4 Qf5 23. N2g3 1-0


[Site "http://www.Chess.com"]

[Event "FIDE World Rapid Chess Championship 2021"]
[White "Holm, Kristian Stuvik"]
[Black "Postny, Evgeny"]
[WhiteFideId "1508083"]
[BlackFideId "2804344"]
[WhiteElo "2409"]
[BlackElo "2454"]
[Result "1-0"]
[Round "04"]
[TimeControl "900+10"]
[Date "2021.12.26"]
[WhiteClock "0:00:58"]
[BlackClock "0:00:39"]

1. d4 d5 2. c4 dxc4 3. Nf3 Nf6 4. e3 b5 5. a4 b4 6. a5 e6 7. a6 Be7 8. Bxc4 O-O 9. O-O Nbd7 10. Nbd2 c5 11. Qe2 cxd4 12. exd4 Nb6 13. Bd3 Nbd5 14. Nb3 Bd7 15. Bd2 Qb6 16. Ne5 Rfc8 17. Nxd7 Nxd7 18. Rfc1 g6 19. g3 Bf8 20. Be4 N7f6 21. Bf3 Rab8 22. Rc4 Ne8 23. Rac1 Rxc4 24. Qxc4 Qd8 25. Bxd5 exd5 26. Qc6 Ng7 27. Qc7 Qxc7 28. Rxc7 Ra8 29. Rd7 Ne6 30. Rxd5 Nc7 31. Ra5 Rd8 32. Kg2 Bd6 33. Be3 Bf8 34. Nc5 Rd5 35. Ra4 Rd6 36. Rxb4 Nxa6 37. Ra4 Nxc5 38. dxc5 Rc6 39. b4 a6 40. Kf3 f5 41. Ke2 Kf7 42. Kd3 Ke6 43. Kc4 Be7 44. Ra2 g5 45. Bd4 Kd7 46. f3 g4 47. f4 h5 48. Rd2 Re6 49. Bf6+ Kc7 50. Be5+ Kc6 51. Ra2 Kb7 52. Kd5 Rh6 53. Re2 Bd8 54. Bd6 Rh8 55. Re5 h4 56. Rxf5 hxg3 57. Rf7+ Kc8 58. hxg3 Rh1 59. Kc6 1-0


[Site "http://www.Chess.com"]

[Event "FIDE World Rapid Chess Championship 2021"]
[White "Mikhalevski, Victor"]
[Black "Nevednichy, Vladislav"]
[WhiteFideId "2801914"]
[BlackFideId "1205730"]
[WhiteElo "2366"]
[BlackElo "2425"]
[Result "1-0"]
[Round "04"]
[TimeControl "900+10"]
[Date "2021.12.26"]
[WhiteClock "0:03:49"]
[BlackClock "0:00:18"]

1. d4 Nf6 2. Nf3 e6 3. c4 d5 4. g3 Bb4+ 5. Bd2 Be7 6. Bg2 O-O 7. O-O c6 8. b3 Ne4 9. Bf4 a5 10. Qc2 Nd7 11. Nc3 f5 12. Rad1 Bb4 13. Nb1 a4 14. Ne1 axb3 15. axb3 Ndf6 16. f3 Nd6 17. Nd3 Ba5 18. Nd2 Bc7 19. Ra1 Rxa1 20. Rxa1 Nf7 21. Bxc7 Qxc7 22. f4 Bd7 23. Nf3 Rd8 24. Qc3 Qb6 25. c5 Qc7 26. Qa5 Qxa5 27. Rxa5 Rb8 28. Ra7 Ne8 29. Nde5 Nf6 30. b4 Be8 31. Nd3 Ne4 32. e3 Nc3 33. Kf2 Nb5 34. Ra5 Nc7 35. Bf1 Ra8 36. Rxa8 Nxa8 37. Nc1 b5 38. cxb6 Nxb6 39. Nb3 Nd8 40. Nc5 h6 41. Ne5 Kf8 42. h3 Ke7 43. g4 g5 44. Bd3 Kf6 45. Kg3 Nc8 46. h4 gxh4+ 47. Kxh4 fxg4 48. Nxg4+ Kg7 49. e4 dxe4 50. Nxe4 Ne7 51. Nd6 Bg6 52. Bc4 Bf5 53. Ne5 Ng6+ 54. Kg3 Nxe5 55. dxe5 Bg6 56. Kh4 Bc2 57. Be2 Bg6 58. Bg4 Bd3 59. Bh5 Bc2 60. Kg3 Bd3 61. Kf3 Bc2 62. Ke3 Bg6 63. Bg4 h5 64. Bh3 Bc2 65. Kf3 Bb3 66. Kg3 Bd1 67. Kh4 Kg6 68. Bf1 Kh6 69. Bd3 Bf3 70. f5 Kg7 71. f6+ Kf8 72. Bg6 c5 73. b5 Be2 74. Bxh5 Bd3 75. b6 c4 76. b7 Nc6 77. Bf3 Nb8 78. Nb5 Nd7 79. Kg5 Nb8 80. Kf4 Ke8 81. Ke3 Kd7 82. Kd4 Bf1 83. Nd6 Kc7 84. Nxc4 Nd7 85. Nd6 Ba6 86. Ne8+ Kb8 87. Ng7 Nf8 88. Kc5 Bxb7 89. Bxb7 Kxb7 90. Kd6 1-0


[Site "http://www.Chess.com"]

[Event "FIDE World Rapid Chess Championship 2021"]
[White "Baum, Jonasz"]
[Black "Kadric, Denis"]
[WhiteFideId "1195360"]
[BlackFideId "14403803"]
[WhiteElo "2343"]
[BlackElo "2542"]
[Result "1-0"]
[Round "04"]
[TimeControl "900+10"]
[Date "2021.12.26"]
[WhiteClock "0:02:07"]
[BlackClock "0:01:43"]

1. d4 d6 2. Nf3 Nf6 3. c4 Nbd7 4. Nc3 e5 5. Bg5 h6 6. Bh4 g5 7. Bg3 Nh5 8. e3 Bg7 9. dxe5 Nxg3 10. hxg3 dxe5 11. Qc2 O-O 12. O-O-O f5 13. g4 fxg4 14. Nh2 g3 15. Ng4 Rxf2 16. Nxf2 gxf2 17. Qxf2 c6 18. c5 Qe7 19. Bc4+ Kh8 20. Ne4 b5 21. Qf7 Qxf7 22. Bxf7 Bf8 23. Be6 Nxc5 24. Nxc5 Bxc5 25. Rd8+ 1-0


[Site "http://www.Chess.com"]

[Event "FIDE World Rapid Chess Championship 2021"]
[White "Carlsson, Pontus"]
[Black "Cuenca Jimenez, Jose Fernando"]
[WhiteFideId "1705814"]
[BlackFideId "2255570"]
[WhiteElo "2436"]
[BlackElo "2421"]
[Result "0-1"]
[Round "04"]
[TimeControl "900+10"]
[Date "2021.12.26"]
[WhiteClock "0:00:16"]
[BlackClock "0:00:03"]

1. e4 e5 2. Nf3 Nc6 3. d4 exd4 4. Nxd4 Nf6 5. Nc3 Bb4 6. Nxc6 bxc6 7. Bd3 d6 8. O-O Ng4 9. Na4 Qh4 10. Bf4 Qf6 11. Qc1 h6 12. a3 g5 13. Bg3 Ba5 14. b4 Bb6 15. Nxb6 axb6 16. Be2 Ne5 17. f4 gxf4 18. Bxf4 Qg7 19. Qe3 Be6 20. a4 Ng6 21. Bg3 h5 22. Rfb1 h4 23. Be1 Ne5 24. Bc3 Rg8 25. Bf1 Qg5 26. Re1 Kd7 27. a5 b5 28. Qf2 Ng4 29. Qd2 Ne5 30. Qf2 h3 31. g3 Ng4 32. Qd2 Nxh2 33. Qxh2 Qxg3+ 34. Qxg3 Rxg3+ 35. Kf2 Rxc3 36. Bd3 Bc4 37. Ke3 Bxd3 38. cxd3 Rb3 39. Rh1 Rxb4 40. Rxh3 Ra4 41. Rf1 Rf8 42. Rh7 Ke7 43. d4 Rxa5 44. Rc1 Ra3+ 45. Kf4 Ra6 46. d5 c5 47. e5 dxe5+ 48. Kxe5 c4 49. Rb1 Rb6 50. Kd4 Kd7 51. Rf1 Kc8 52. Rfxf7 Rxf7 53. Rxf7 Kb7 54. Rf1 Rh6 55. Kc5 Rb6 56. Rc1 Kc8 57. Rc2 Kd7 58. Rc1 b4 59. Kxc4 b3 60. Kc3 0-1


[Site "http://www.Chess.com"]

[Event "FIDE World Rapid Chess Championship 2021"]
[White "Duda, Jan-Krzysztof"]
[Black "Jobava, Baadur"]
[WhiteFideId "1170546"]
[BlackFideId "13601520"]
[WhiteElo "2801"]
[BlackElo "2679"]
[Result "1/2-1/2"]
[Round "05"]
[TimeControl "900+10"]
[Date "2021.12.26"]
[WhiteClock "0:00:13"]
[BlackClock "0:00:52"]

1. d4 d5 2. c4 dxc4 3. Nf3 Nf6 4. e3 Bg4 5. Bxc4 e6 6. h3 Bh5 7. Nc3 Nc6 8. a3 a6 9. g4 Bg6 10. Nh4 Bd6 11. Nxg6 hxg6 12. Bd2 e5 13. d5 Ne7 14. g5 Nd7 15. Qg4 Nf5 16. h4 Be7 17. O-O-O Nd6 18. Be2 Nc5 19. Qg2 b5 20. Kc2 Rb8 21. Na2 Qd7 22. Bg4 Nf5 23. Nb4 Rb6 24. Bc3 a5 25. Nc6 b4 26. Bxe5 bxa3 27. bxa3 O-O 28. h5 Rxc6 29. dxc6 Qe6 30. Qd5 Nxe3+ 31. fxe3 Qxg4 32. hxg6 Qf5+ 33. e4 Qxg6 34. Bf6 Bd6 35. Bd4 Nxe4 36. Rd3 Re8 37. Kb3 Nxg5 38. Bc3 Rb8+ 39. Ka2 Ne4 40. Ka1 Nxc3 41. Rxc3 Qf6 42. Qd3 Rb3 43. Qh7+ Kf8 44. Qh8+ Ke7 45. Re1+ Be5 46. Qc8 Qe6 47. Qxc7+ Bxc7 48. Rxe6+ Kxe6 49. Rxb3 Kd5 50. Rc3 f5 51. Kb1 g5 52. Kc2 g4 53. Kd3 f4 54. a4 f3 55. Ke3 Ke5 56. Rc5+ Kd6 57. Rc4 Bb6+ 58. Kf4 f2 59. Rc1 Kc7 60. Kxg4 Be3 61. Rh1 Kxc6 62. Kf3 Bc5 63. Ke4 Bb4 64. Kd4 Be1 65. Rh6+ Kd7 66. Rf6 Ke7 67. Rf5 Ke6 68. Rf3 Kd6 69. Rf6+ Ke7 70. Rf3 1/2-1/2


[Site "http://www.Chess.com"]

[Event "FIDE World Rapid Chess Championship 2021"]
[White "Giri, Anish"]
[Black "Gelfand, Boris"]
[WhiteFideId "24116068"]
[BlackFideId "2805677"]
[WhiteElo "2767"]
[BlackElo "2648"]
[Result "1/2-1/2"]
[Round "05"]
[TimeControl "900+10"]
[Date "2021.12.26"]
[WhiteClock "0:10:14"]
[BlackClock "0:09:56"]

1. d4 Nf6 2. Nf3 d5 3. Bf4 c5 4. e3 Nc6 5. Nbd2 Bg4 6. c3 e6 7. Qb3 Qc8 8. h3 Bh5 9. Be2 Be7 10. O-O O-O 11. Rfe1 Rd8 12. Qd1 a6 13. a4 h6 14. dxc5 Bxc5 15. b4 Be7 16. Rc1 Ne4 17. Nxe4 Bxf3 18. Nd2 Bxe2 19. Qxe2 e5 20. Bg3 Qe6 21. b5 axb5 22. axb5 1/2-1/2


[Site "http://www.Chess.com"]

[Event "FIDE World Rapid Chess Championship 2021"]
[White "Gareyev, Timur"]
[Black "Caruana, Fabiano"]
[WhiteFideId "14200937"]
[BlackFideId "2020009"]
[WhiteElo "2578"]
[BlackElo "2770"]
[Result "1/2-1/2"]
[Round "05"]
[TimeControl "900+10"]
[Date "2021.12.26"]
[WhiteClock "0:01:14"]
[BlackClock "0:00:40"]

1. d4 Nf6 2. c4 e6 3. Nc3 Bb4 4. Qc2 O-O 5. a3 Bxc3+ 6. Qxc3 d6 7. Nf3 Re8 8. Bg5 h6 9. Bh4 g5 10. Bg3 e5 11. O-O-O Ne4 12. Qe1 f5 13. dxe5 f4 14. e3 fxg3 15. hxg3 Qe7 16. Bd3 Bf5 17. Rxh6 Qg7 18. Nd4 Bg4 19. Rh2 dxe5 20. Bxe4 exd4 21. Rxd4 Nc6 22. Bxc6 Qxd4 23. Bd5+ Kf8 24. Rh7 Qf6 25. Qb4+ Re7 26. Rf7+ Qxf7 27. Bxf7 Kxf7 28. f3 Be6 29. Qxb7 Rd8 30. Qxa7 Bxc4 31. Qc5 Be6 32. Qxg5 Rd5 33. Qf4+ Rf5 34. Qb4 Rd7 35. e4 Rh5 36. Qc3 Rh2 37. Qe3 Rxg2 38. a4 Rd6 39. Qc5 Bd7 40. Qh5+ Kf8 41. Qh8+ Ke7 42. Qh4+ Kf7 43. Qh7+ Kf6 44. Qh8+ Kf7 45. Qh7+ Ke8 46. Qh8+ Ke7 47. Qh4+ Ke8 1/2-1/2


[Site "http://www.Chess.com"]